 Dungeon Crawl Stone Soup version 0.31-a0-200-gbc41564c69 (webtiles) character file.

Game seed: 9325329359291526379

88 Ijustatesigmund the Stinger (level 4, 0/28 HPs)
             Began as an Octopode Venom Mage on June 26, 2023.
             Slain by an orc
             ... wielding a +0 club
              (3 damage)
             ... on level 4 of the Dungeon.
             The game lasted 00:02:56 (2035 turns).

Ijustatesigmund the Stinger (Octopode Venom Mage)   Turns: 2035, Time: 00:02:56

Health: 0/28       AC:  1    Str:  7    XL:     4   Next: 53%
Magic:  4/8        EV: 13    Int: 19    God:
Gold:   210        SH:  0    Dex: 12    Spells: 2/8 levels left

rFire   . . .        c - +0 mace
rCold   . . .        (no shield)
rNeg    . . .        (helmet restricted)
rPois   .            (no amulet)
rElec   .            (no ring)
rCorr   .            (no ring)
SInv    .            (no ring)
Will    .....        (no ring)
Stlth   +++          (no ring)
HPRegen 0.24/turn    (no ring)
MPRegen 0.11/turn    (no ring)
                     (no ring)

%: no passive effects
@: no status effects
A: almost no armour, amphibious, 8 rings, camouflage 1, gelatinous body 1,
(nimble swimmer 1), tentacles
a: no special abilities


You were on level 4 of the Dungeon.
You visited 1 branch of the dungeon, and saw 4 of its levels.

You collected 210 gold pieces.

Inventory:

Hand Weapons
 c - a +0 mace (weapon)
Potions
 a - a potion of magic
 b - a potion of might {unknown}
 d - a potion of curing
 g - a potion of lignification {unknown}
 h - a potion of invisibility {unknown}


   Skills:
 - Level 1.2 Fighting
 - Level 2.0 Dodging
 - Level 2.6 Stealth
 + Level 2.7 Spellcasting
 + Level 1.0 Conjurations
 - Level 1.0 Transmutations
 + Level 1.5 Air Magic
 + Level 4.5 Poison Magic


You had 2 spell levels left.
You knew the following spells:

 Your Spells              Type           Power      Damage    Failure   Level
a - Sting                 Tmut/Pois      52%        1d5       4%          1
b - Poisonous Vapours     Pois/Air       28%        N/A       7%          2
c - Mephitic Cloud        Conj/Pois/Air  11%        N/A       19%         3

Your spell library contained the following spells:

 Spells                   Type           Power      Damage    Failure   Level
 Olgreb's Toxic Radiance  Pois           19%        N/A       24%         4
 Freezing Cloud           Conj/Ice/Air   2%         6-21      97%         5


Dungeon Overview and Level Annotations

Branches:
Dungeon (4/15)
 Temple: D:4-7

Altars:
Uskayaw


Innate Abilities, Weirdness & Mutations

You cannot wear most types of armour.
You are amphibious.
You can wear up to eight rings at the same time.
Your skin changes colour to match your surroundings (Stealth+).
Your rubbery body absorbs attacks. (AC +1, EV +1)
((You are camouflaged when in or above water. (Stealth+)))
You have tentacles for arms and can constrict up to eight enemies at once.


Message History

The orc is moderately wounded.
The orc hits you with a +0 dagger.
You hit the orc. Your grab misses the orc.
The orc is almost dead.
The orc hits you with a +0 dagger. The orc closely misses you.
You hit the orc but do no damage. You grab the orc.
The orc is almost dead.
You constrict the orc.
You kill the orc!
You barely miss something. Something hits you.
You completely miss something. Something hits you.
You hear some strange, mumbled words.
Something tries to affect you, but you resist.
You hit something. Your squeeze misses something.
Reactivating autopickup.
You feel a bit more experienced.
Your Conjurations skill increases to level 1!
You hit the orc but do no damage. You grab the orc.
You constrict the orc, but do no damage.
The orc barely misses you. The orc hits you with a +0 club.
You thump the orc!
You kill the orc!
You barely miss the orc. Your grab misses the orc.
The orc hits you with a +0 club.
* * * LOW HITPOINT WARNING * * *
You closely miss the orc. You grab the orc.
You constrict the orc, but do no damage.
The orc misses you. The orc hits you with a +0 club.
* * * LOW HITPOINT WARNING * * *
It was a potion of curing.
You feel better.
You constrict the orc, but do no damage.
The orc hits you with a +0 club.
* * * LOW HITPOINT WARNING * * *
You hit the orc but do no damage.
You constrict the orc, but do no damage.
The orc hits you with a +0 club.
* * * LOW HITPOINT WARNING * * *
You hit the orc but do no damage. You constrict the orc.
The orc barely misses you. The orc hits you with a +0 club.
You die...

#.....##
##.####
#.#####
#.....##
#####..# ##.##
#..#
##.######.#...
#....@o......
##)..###.##..
#..## ....#
##...# ##...
##.#. #..


You could see an orc.

Vanquished Creatures
  An orc wizard (D:4)
  2 adders
  A gnoll (D:3)
  A worm (D:2)
  3 orcs
  3 endoplasms (D:3)
  4 giant cockroaches
  3 hobgoblins
  A quokka (D:1)
  2 ball pythons (D:1)
  A bat (D:2)
  A frilled lizard (D:2)
  3 goblins
  2 kobolds
  2 rats (D:1)
30 creatures vanquished.

Notes
Turn   | Place    | Note
-------+----------+-------------------------------------------
     0 | D:1      | Ijustatesigmund the Octopode Venom Mage began the quest for
                  | the Orb.
     0 | D:1      | Reached XP level 1. HP: 11/11 MP: 3/3
   412 | D:1      | Found a faded altar of an unknown god.
   414 | D:1      | Reached XP level 2. HP: 18/18 MP: 3/5
   417 | D:1      | Learned a level 2 spell: Poisonous Vapours
   889 | D:2      | Reached skill level 1 in Fighting
   889 | D:2      | Reached skill level 4 in Poison Magic
  1112 | D:2      | Identified the +0 plate armour of Cocytus {Str+3}
  1170 | D:2      | Reached XP level 3. HP: 23/23 MP: 3/6
  1437 | D:3      | Found a hide-covered altar of Uskayaw.
  1443 | D:3      | Learned a level 3 spell: Mephitic Cloud
  1477 | D:3      | Reached skill level 1 in Air Magic
  1939 | D:3      | Reached XP level 4. HP: 20/28 MP: 1/7
  2029 | D:4      | Reached skill level 1 in Conjurations
  2035 | D:4      | Slain by an orc

Illustrated notes

Levels and vault maps discovered:
D:1:      dpeg_arrival_prison, layout_basic, basic_ecumenical_altar
D:2:      layout_basic, kennysheep_another_room, uniq_crazy_yiuf_cottage
D:3:      layout_loops_ring, mainiacjoe_overflow_tiny_flanked,
          nicolae_uskayaw_murder_on_the_dancefloor
D:4:      layout_rooms, led_sif_pool, minmay_temple_entry_butterflies,
          portal_sewer_entry_e, kennysheep_decorative_pillar

Skill      XL: |  1  2  3  4 |
---------------+-------------+-----
Fighting       | 1 |  1.2
Poison Magic   | 4 |  4.5
Air Magic      | 1 |  1.5
Conjurations   | 1 |  1.0
Dodging        | |  2.0
Stealth        | |  2.6
Spellcasting   | |  2.7
Transmutations | |  1.0

Action                     |  1- 3 |  4- 6 || total
---------------------------+-------+-------++-------
  Melee: Mace              |    46 |    15 ||    61
         Constrict         |    10 |     3 ||    13
         Tentacles         |     6 |     1 ||     7
         Unarmed           |     1 |       ||     1
   Cast: Sting             |    10 |       ||    10
         Poisonous Vapours |     8 |     3 ||    11
         Mephitic Cloud    |     1 |       ||     1
    Use: Scroll            |     6 |       ||     6
         Potion            |       |     1 ||     1
   Stab: Sleeping          |     3 |       ||     3
 Armour: Skin              |     4 |       ||     4
  Dodge: Dodged            |    33 |     8 ||    41

Table legend: (Time is in decaauts)
 A = Elapsed time spent in this place.
 B = Non-inter-level travel time spent in this place.
 C = Inter-level travel time spent in this place.
 D = Time resting spent in this place.
 E = Time spent auto-exploring this place.
 F = Levels seen in this place.
 G = Mean time per level.
                   A        B        C        D        E       F      G
               +--------+--------+--------+--------+--------+-----+--------+
         Total |   2057 |   2033 |     24 |    534 |   1225 |   4 |  514.2 |
       Dungeon |   2057 |   2033 |     24 |    534 |   1225 |   4 |  514.2 |
               +--------+--------+--------+--------+--------+-----+--------+

Top non-repeatable levels by time:
     D:1: 874 daAuts
     D:2: 563 daAuts
     D:3: 525 daAuts
     D:4: 93 daAuts
